 Dungeon Crawl Stone Soup version 0.29.1-15-g9cfb28693d (webtiles) character file.

Game seed: 3089691763024680320

1 Ast3rio the Caller (level 1, 0/10 HPs)
             Began as a Deep Elf Summoner on Mar 13, 2023.
             Slain by a bat (1 damage)
             ... on level 1 of the Dungeon.
             The game lasted 00:01:06 (319 turns).

Ast3rio the Caller (Deep Elf Summoner)               Turns: 319, Time: 00:01:07

Health: 0/10       AC:  2    Str:  5    XL:     1   Next: 16%
Magic:  1/6        EV: 12    Int: 19    God:
Gold:   0          SH:  0    Dex: 15    Spells: 5/6 levels left

rFire   + . .      SeeInvis .   (no weapon)
rCold   . . .      Faith    .   (no shield)
rNeg    . . .      Spirit   .   a - +0 robe
rPois   .          Reflect  .   (no helmet)
rElec   .          Harm     .   (no cloak)
rCorr   .          Rampage  .   (no gloves)
Will    .....                   (no boots)
Stlth   ++........              (no amulet)
HPRegen 0.03/turn               c - ring of protection from fire
MPRegen 0.10/turn               (no ring)

@: no status effects
A: no striking features
a: no special abilities


You were on level 1 of the Dungeon.
You visited 1 branch of the dungeon, and saw 1 of its levels.

Inventory:

Armour
 a - a +0 robe (worn)
Jewellery
 c - a ring of protection from fire (left hand)
Potions
 b - a potion of magic


   Skills:
 + Level 2.4 Dodging
 + Level 2.4 Stealth
 + Level 3.0 Spellcasting
 + Level 4.4 Summonings


You had 5 spell levels left.
You knew the following spells:

 Your Spells              Type           Power      Damage    Failure   Level
a - Summon Small Mammal   Summ           76%        N/A       2%          1

Your spell library contained the following spells:

 Spells                   Type           Power      Damage    Failure   Level
 Call Imp                 Summ           19%        N/A       3%          2
 Call Canine Familiar     Summ           19%        N/A       8%          3
 Summon Guardian Golem    Hex/Summ       11%        N/A       19%         3
 Summon Lightning Spire   Summ/Air       11%        N/A       52%         4


Dungeon Overview and Level Annotations

Branches:
Dungeon (1/15)

Altars:


Message History

Casting: Summon Small Mammal (safe; 2% risk of failure)
Confirm with . or Enter, or press ? or * to list all spells.
The bat enters a dispersal trap!
Your quokka blinks!
The bat blinks!
The kobold blinks!
You blink.
The bat blinks!
The bat closely misses your bat.
Your bat closely misses the bat.
Casting: Summon Small Mammal (safe; 2% risk of failure)
Confirm with . or Enter, or press ? or * to list all spells.
Your bat disappears in a puff of smoke!
The bat hits you but does no damage. The bat barely misses you.
The kobold completely misses you.
Your quokka bites the bat.
Casting: Summon Small Mammal (safe; 2% risk of failure)
Confirm with . or Enter, or press ? or * to list all spells.
Your quokka disappears in a puff of smoke!
The bat closely misses you. The bat hits you but does no damage.
The bat barely misses you. The kobold hits you but does no damage.
Casting: Summon Small Mammal (safe; 2% risk of failure)
Confirm with . or Enter, or press ? or * to list all spells.
Your rat disappears in a puff of smoke!
The bat hits you. The bat misses you. The kobold hits you with a +0 dagger.
Something barely misses your quokka.
Your magical contamination has completely faded away.
The bat hits you but does no damage. The bat closely misses you.
Your quokka misses the bat. The kobold hits you with a +0 dagger.
The bat closely misses your quokka.
Your quokka misses the bat. You hit the kobold but do no damage.
The bat barely misses you. The bat closely misses you.
Your quokka closely misses the bat.
The bat hits your quokka but does no damage.
The kobold barely misses you.
The frilled lizard bites you but does no damage.
Your quokka barely misses the bat. x2
The bat hits you. The bat closely misses your quokka.
The kobold hits you but does no damage. The frilled lizard bites you.
The bat misses you. x2; The frilled lizard bites your quokka.
Found a dagger.
Your quokka bites the frilled lizard.
The bat closely misses you.
Your quokka misses the frilled lizard. The kobold attacks as you move away!
The kobold hits you with a +0 dagger.
* * * LOW HITPOINT WARNING * * *
The bat hits you.
You die...

# #. # ##....# #..
..# ......# ##.###.#
.....###....$.#
#####......#......#
)..........#......#
#.......b.......#
#...###r#...########
#@b.lr....####...#
###K.r##^.[.......
#...............
#.##...###......
#.###.## #......
......# ##..###
........ ##.# #
...$[...#. #####
.... #≈


You could see a quokka, a bat (ally target), a kobold, a frilled lizard (ally
target) and 2 friendly quokkas.

Vanquished Creatures (collateral kills)
  A quokka (D:1)
1 creature vanquished.

Notes
Turn   | Place    | Note
-------+----------+-------------------------------------------
     0 | D:1      | Ast3rio the Deep Elf Summoner began the quest for the Orb.
     0 | D:1      | Reached XP level 1. HP: 10/10 MP: 6/6
   319 | D:1      | Slain by a bat

Illustrated notes

Levels and vault maps discovered:
D:1:      lightli_molten_gateway, layout_rooms,
          hellmonk_ecumenical_altar_defaced_shrine, minmay_pentomino_o2

Action                   || total
-------------------------++-------
Melee: Unarmed           ||     4
 Cast: Summon Small Mamm ||     7
Armor: Robe              ||     8
Dodge: Dodged            ||    17
